 Dungeon Crawl Stone Soup version 0.15.1-1-gfacfea3 (webtiles) character file.

22100 Iskender the Grappler (level 12, 0/105 HPs)
             Began as a Troll Wanderer on Sept 24, 2014.
             Was a High Priest of Okawaru.
             Succumbed to a black mamba's poison
             ... on Level 1 of the Lair of Beasts on Sept 25, 2014.
             The game lasted 02:15:11 (12711 turns).

Iskender the Grappler (Troll Wanderer)             Turns: 12711, Time: 02:15:11

HP   0/105       AC  6     Str 23      XL: 12   Next: 60%
MP  15/15        EV 15     Int  6      God: Okawaru [*****.]
Gold 551         SH  0     Dex 18      Spells:  0 memorised, 11 levels left

rFire  . . .     SeeInvis +       - Unarmed
rCold  . . .     Clarity  .     e - +0 robe
rNeg   . . .     rCorr    .     (shield restricted)
rPois  .         rRot     .     (helmet restricted)
rElec  .         Spirit   .     D - +0 cloak
SustAb .         Warding  .     (gloves unavailable)
rMut   .         Stasis   .     (boots unavailable)
Gourm  +                        r - amulet of rage
MR     .....                    O - +3 ring of dexterity
                                k - ring of see invisible

@: lethally poisoned, very slightly contaminated, not resistant to hostile
enchantments, unstealthy
A: unfitting armour, claws 3, fast metabolism 3, gourmand, regeneration 2,
saprovore 2, shaggy fur 1, tough skin 2
a: Heroism, Finesse, Renounce Religion, Evoke Berserk Rage


You were on level 1 of the Lair of Beasts.
You worshipped Okawaru.
Okawaru was extremely pleased with you.
You were very full.

You visited 3 branches of the dungeon, and saw 13 of its levels.

You collected 723 gold pieces.
You spent 172 gold pieces at shops.

Inventory:

Hand weapons
 b - a +2 dagger of draining
 v - a +0 blowgun
 L - a +5 quick blade
 R - a cursed +0 long sword of flaming
Missiles
 c - 5 large rocks
 i - 8 silver tomahawks (quivered)
 j - 52 poisoned needles
 u - 8 curare-tipped needles
 B - 5 javelins of returning
 F - 8 poisoned tomahawks
 G - 7 javelins
 P - 8 silver javelins
Armour
 e - a +0 robe (worn)
 D - a +0 cloak (worn)
Magical devices
 E - a wand of lightning (3)
 K - a wand of paralysis (8)
 T - a wand of slowing (15)
Comestibles
 f - 11 meat rations
 g - 3 slices of pizza
 n - 11 bread rations
 A - a royal jelly
 W - 5 beef jerkies
Scrolls
 a - a scroll of vulnerability
 l - a scroll of acquirement {unknown}
 m - 6 scrolls of remove curse
 o - 2 scrolls of amnesia
 q - 2 scrolls of immolation
 s - a scroll of blinking
 w - 2 scrolls of recharging
 x - 3 scrolls of enchant armour
 y - a scroll of magic mapping
 J - a scroll of enchant weapon
 Q - 2 scrolls of identify
 U - 2 scrolls of fog
 V - 2 scrolls of teleportation
Jewellery
 k - a ring of see invisible (left claw)
 r - an amulet of rage (around neck)
 t - an uncursed ring of teleportation
 O - a +3 ring of dexterity (right claw)
Potions
 h - 4 potions of might
 p - a potion of agility
 z - a potion of invisibility {unknown}
 C - a potion of curing
 H - a potion of degeneration {unknown}
 I - 3 potions of brilliance {unknown}
 M - a potion of berserk rage
 N - a potion of resistance
 X - 3 potions of haste
 Z - 2 potions of magic
Rods
 d - a +3 rod of destruction (12/12)
   (You found it on level 10 of the Dungeon)


   Skills:
 - Level 3.5 Fighting
   Level 2.4 Polearms
 + Level 8.8 Throwing
 - Level 7.0 Dodging
 - Level 2.4 Stealth
 - Level 14.0 Unarmed Combat
 - Level 5.2 Invocations
 - Level 5.0 Evocations


You had 11 spell levels left.
You didn't know any spells.

Dungeon Overview and Level Annotations

Branches:
Dungeon (11/15)            Temple (1/1) D:5             Orc (0/4) D:11
   Lair (1/8) D:11

Altars:
Ashenzari
Cheibriados
Dithmenos
Elyvilon
Fedhas
Kikubaaqudgha
Makhleb
Nemelex Xobeh
Okawaru
Qazlal
Sif Muna
Trog
Vehumet
Xom
Yredelemnul
Zin
The Shining One

Shops:
D:7 =   D:10 ?   D:11 =?


Innate Abilities, Weirdness & Mutations

You are too large for most types of armour.
You have claws for hands.
Your metabolism is lightning-fast.
You like to eat raw meat.
You heal very quickly.
You can eat rotten meat.
You are covered in fur (AC +1).
You have very tough skin (AC +2).


Message History

* * * LOW HITPOINT WARNING * * *
You are more poisoned.
The black mamba poisons you!
You closely miss the black mamba.
The black mamba is almost dead.
* * * LOW HITPOINT WARNING * * *
You feel very sick. The black mamba bites you!
* * * LOW HITPOINT WARNING * * *
You are more poisoned.
The black mamba poisons you! The black mamba barely misses you.
Drink which item? (? for menu, Esc to quit)
Okay, then.
Read which item? (? for menu, Esc to quit)
Blink to where?
Press: ? - help, Dir - move target cursor
As you read the scroll of blinking, it crumbles to dust.
You are very lightly contaminated with residual magic.
A black mamba comes into view.
You die...

#...# ##..# ## ##..#
##..P# ##. ##.ยง.##
##...## ##.. #.S...###
##..### ##...
#..#.#...###...# ##...#
#..####P..#...#.#
##..... #.# ###....P###
#.....# ..# #....###
##...... ..# ##.@.##
###....... # ##....##
#.........
#......####.........
#..#.#..S.......>....
#|..#.###..............
#.#..# ##........P##..
#..## ##........###. ##
#......####..
#.......P##..


You could see a black mamba (wandering).

Vanquished Creatures
  Erolcha (D:10)
  An unseen horror (D:11)
  3 hill giants (D:11)
  An ugly thing (D:11)
  A black mamba (Lair:1)
  Joseph (D:9)
  A centaur zombie (D:11)
  A gargoyle (D:11)
  3 spiny frogs (Lair:1)
  A komodo dragon (Lair:1)
  2 centaur skeletons (D:11)
  Sonja (D:10)
  5 blink frogs (Lair:1)
  2 basilisks
  2 wyverns
  A spriggan (D:7)
  A hungry ghost (D:9)
  34 yaks
  A hippogriff (shapeshifter) (D:10)
  2 steam dragons
  A hippogriff (D:7)
  Edmund (D:4)
  5 porcupines
  3 water moccasins
  A swamp drake (D:11)
  3 sky beasts
  3 black bears
  6 orc warriors
  A yellow wasp (D:10)
  2 phantoms (D:4)
  4 ice beasts
  4 ogres
  4 centaurs
  4 crocodiles
  Sigmund (D:4)
  A cyclops zombie (D:10)
  8 giant frogs
  4 scorpions
  A tengu zombie (D:11)
  2 jellies
  A hippogriff skeleton (D:8)
  14 killer bees
  9 electric eels (D:8)
  4 giant frog zombies
  3 goliath beetles
  16 two-headed ogre zombies (D:10)
  16 wights
  9 orc priests
  8 crimson imps
  2 hounds
  14 orc wizards
  2 giant frog skeletons
  2 iguanas
  A quasit (D:11)
  A killer bee zombie (D:8)
  An ogre zombie (D:10)
  11 worker ants
  Jessica (D:2)
  An ogre skeleton (D:11)
  A mummy (D:10)
  Terence (D:2)
  A hound skeleton (D:10)
  7 gnolls
  15 adders
  13 green rats
  2 orc skeletons
  A shadow imp (D:8)
  2 worms
  2 giant geckos
  2 oozes
  36 orcs
  A ball python (D:2)
  A bat zombie (D:8)
  3 giant cockroaches
  14 goblins
  8 hobgoblins
  8 quokkas
  16 bats
  2 giant newts
  A giant spore (D:10)
  A goblin skeleton (D:5)
  A hobgoblin skeleton (D:4)
  11 jackals
  17 kobolds
  An orc zombie (D:9)
  17 rats
  23 ballistomycetes (D:8)
  2 plants
450 creatures vanquished.

Vanquished Creatures (others)
  An orc (D:10)
  A giant spore (D:8)
  A bush (D:11)
  2 fungi (D:11)
  2 plants
7 creatures vanquished.

Grand Total: 457 creatures vanquished

Notes
Turn   | Place    | Note
--------------------------------------------------------------
     0 | D:1      | Iskender, the Troll Wanderer, began the quest for the Orb.
     0 | D:1      | Reached XP level 1. HP: 22/22 MP: 1/1
   403 | D:1      | Reached skill level 1 in Unarmed Combat
   719 | D:1      | Reached XP level 2. HP: 29/29 MP: 1/1
   952 | D:2      | Noticed Jessica
   954 | D:2      | Killed Jessica
   954 | D:2      | Reached XP level 3. HP: 36/36 MP: 2/2
  1036 | D:2      | Noticed Terence
  1199 | D:2      | Reached skill level 3 in Unarmed Combat
  1910 | D:3      | Reached XP level 4. HP: 44/44 MP: 2/2
  2302 | D:4      | Reached skill level 4 in Unarmed Combat
  2423 | D:4      | Reached XP level 5. HP: 47/50 MP: 2/2
  2521 | D:4      | Reached skill level 5 in Unarmed Combat
  2565 | D:4      | Found a snail-covered altar of Cheibriados.
  2566 | D:4      | Found a white marble altar of Elyvilon.
  2689 | D:4      | Noticed a phantom
  2726 | D:4      | Reached skill level 6 in Unarmed Combat
  2726 | D:4      | Reached XP level 6. HP: 40/59 MP: 3/3
  2828 | D:4      | Killed a phantom
  2828 | D:4      | Reached skill level 1 in Throwing
  3086 | D:4      | Noticed Sigmund
  3227 | D:2      | Killed Terence
  3227 | D:2      | Reached XP level 7. HP: 66/66 MP: 3/3
  3326 | D:5      | Entered Level 5 of the Dungeon
  3441 | D:4      | Noticed a phantom
  3467 | D:4      | Killed a phantom
  3589 | D:5      | Reached skill level 7 in Unarmed Combat
  3845 | D:5      | Found a staircase to the Ecumenical Temple.
  3862 | Temple   | Entered the Ecumenical Temple
  3925 | Temple   | Became a worshipper of Warmaster Okawaru
  3981 | D:5      | Reached skill level 8 in Unarmed Combat
  4182 | D:5      | Reached XP level 8. HP: 70/74 MP: 3/3
  4494 | D:5      | Reached skill level 9 in Unarmed Combat
  4903 | D:6      | Acquired Okawaru's first power
  5190 | D:7      | Reached skill level 1 in Invocations
  5286 | D:7      | Found an ancient bone altar of Kikubaaqudgha.
  5385 | D:7      | Reached skill level 10 in Unarmed Combat
  5424 | D:7      | Found Qasocay's Jewellery Shoppe.
  5534 | D:7      | Reached XP level 9. HP: 33/80 MP: 3/6
  5641 | D:7      | Reached skill level 11 in Unarmed Combat
  5785 | D:7      | Reached skill level 1 in Evocations
  6507 | D:8      | Reached skill level 5 in Throwing
  6922 | D:8      | Reached XP level 10. HP: 75/88 MP: 9/9
  7071 | D:8      | Received a gift from Okawaru
  7564 | D:8      | Reached skill level 1 in Dodging
  8274 | D:9      | Noticed Joseph
  8384 | D:9      | Found a stormy altar of Qazlal.
  8385 | D:9      | Found a radiant altar of Vehumet.
  8598 | D:9      | Killed Joseph
  8598 | D:9      | Reached skill level 12 in Unarmed Combat
  8937 | D:10     | Entered Level 10 of the Dungeon
  8987 | D:10     | Reached skill level 5 in Dodging
  9045 | D:10     | Found Pnourr's Magic Scroll Shoppe.
  9053 | D:10     | Bought a scroll of fog for 26 gold pieces
  9053 | D:10     | Bought a scroll of identify for 26 gold pieces
  9599 | D:4      | Killed Sigmund
  9633 | D:4      | Noticed Edmund
  9641 | D:4      | Killed Edmund
  9875 | D:10     | Noticed Sonja
 10023 | D:10     | Reached skill level 13 in Unarmed Combat
 10040 | D:10     | Received a gift from Okawaru
 10075 | D:10     | Reached XP level 11. HP: 94/94 MP: 9/9
 10321 | D:10     | Noticed Erolcha
 10353 | D:10     | Killed Erolcha
 10355 | D:10     | Acquired Okawaru's second power
 10433 | D:10     | Identified a +3 rod of destruction (12/12) (You found it on level 10 of the Dungeon)
 10615 | D:10     | Killed Sonja
 10700 | D:11     | Received a gift from Okawaru
 10750 | D:11     | Noticed an unseen horror
 10759 | D:11     | Killed an unseen horror
 10775 | D:11     | Noticed a hill giant
 10782 | D:11     | Killed a hill giant
 10823 | D:11     | Found a staircase to the Lair.
 10885 | D:11     | Received a gift from Okawaru
 10921 | D:11     | Received a gift from Okawaru
 10950 | D:11     | Received a gift from Okawaru
 10950 | D:11     | Reached skill level 5 in Evocations
 10972 | D:11     | Got a faintly glowing great sword {god gift}
 10973 | D:11     | Identified the +3 great sword "Dragon's Tongue" {pain, +Fly Dex-4} (Okawaru gifted it to you on level 11 of the Dungeon)
 11003 | D:11     | Noticed a hill giant
 11029 | D:11     | Found Rodassul's Magic Scroll Emporium.
 11037 | D:11     | Bought a scroll of identify for 30 gold pieces
 11039 | D:11     | Bought 3 scrolls of identify for 90 gold pieces
 11184 | D:11     | Noticed a hill giant
 11192 | D:11     | Killed a hill giant
 11370 | D:11     | Found Cisaicarr's Jewellery Emporium.
 11407 | D:11     | Reached XP level 12. HP: 31/105 MP: 12/15
 11661 | D:11     | Found a staircase to the Orcish Mines.
 11854 | D:11     | Reached skill level 5 in Invocations
 11861 | D:11     | Killed a hill giant
 11894 | Lair:1   | Entered Level 1 of the Lair of Beasts
 11931 | Lair:1   | Received a gift from Okawaru
 11931 | Lair:1   | Reached skill level 14 in Unarmed Combat
 12711 | Lair:1   | Succumbed to a black mamba's poison

Action                   |  1- 3 |  4- 6 |  7- 9 | 10-12 || total
-------------------------+-------+-------+-------+-------++-------
Melee: Unarmed           |    82 |    73 |   341 |   659 ||  1155
 Fire: Blowgun           |     2 |    24 |    93 |    63 ||   182
Throw: Stone             |    19 |     1 |    21 |       ||    41
       Tomahawk          |       |       |    17 |    59 ||    76
       Javelin           |       |       |       |     4 ||     4
Invok: Heroism           |       |       |     1 |    20 ||    21
 Abil: Evoke Berserk Rag |       |       |       |     4 ||     4
Evoke: Wand              |       |       |     2 |     4 ||     6
       Rod               |       |       |       |    13 ||    13
  Use: Scroll            |     3 |     6 |     5 |     9 ||    23
       Potion            |       |       |     1 |     4 ||     5
 Stab: Sleeping          |     2 |     3 |    10 |    10 ||    25
       Distracted        |       |       |       |     3 ||     3
       Paralysed         |       |       |       |     1 ||     1
  Eat: Chunk             |    15 |    20 |    32 |    59 ||   126
